[Event "*** Titled Tuesday Blitz"]
[Site "Chess.com"]
[Date "2020.11.10"]
[Round "7"]
[White "Roman_Ovetchkin"]
[Black "Shuvalov"]
[Result "1-0"]
[WhiteElo "2608"]
[BlackElo "2453"]
[TimeControl "180+1"]
[EndTime "11:22:12 PST"]
[Termination "Roman_Ovetchkin won by checkmate"]

1. d4 d5 2. c4 c6 3. Nf3 Nf6 4.
Qc2 dxc4 5. e4 b5 6. b3 cxb3 7. axb3 Bb7 8. e5 Nd5 9. e6 f6 10. Bd3 Qd6 11. O-O g6 12. Re1 Bg7 13. Bxg6+ hxg6 14. Qxg6+ Kd8 15. Qxg7 Re8 16. Nbd2 Na6 17. Ne4 Qxe6 18.
Nc5 Qc8 19. Ne6+ Kd7 20. Qg4 Rg8 21. Qf5 Ke8 22. Bf4 Nxf4 23. Qxf4 c5 24. d5 Nb4 25. Rad1 Qd7 26. Nxc5 Qh3 27. Rxe7+ Kxe7 28. Re1+ Kd8 29.
Qxf6+ Kc8 30. Ng5 Nxd5 31. Qf7 Qh8 32. Qxb7+ Kd8 33. Qd7# 1-0

[Event "*** Titled Tuesday Blitz"]
[Site "Chess.com"]
[Date "2020.11.10"]
[Round "7"]
[White "Ze-Pequeno"]
[Black "stolencandy13"]
[Result "1-0"]
[WhiteElo "2263"]
[BlackElo "2368"]
[TimeControl "180+1"]
[EndTime "11:22:12 PST"]
[Termination "Ze-Pequeno won by resignation"]

1. e4 c6 2. d4 d5 3. Nc3 dxe4 4. Nxe4 Bf5 5. Ng3 Bg6 6. Nf3 Nd7 7. h4 h6 8. h5 Bh7 9. Bd3 Bxd3 10. Qxd3 e6 11.
Bd2 Ngf6 12. O-O-O Be7 13. Kb1 Qb6 14. Qe2 Rc8 15. c4 O-O 16. Ne5 Rfd8 17. Bc3 Bb4 18.
c5 Qa5 19. Nc4 Qb5 20. Nd6 Qxe2 21. Nxe2 Bxc3 22. Nxc8 Bxd4 23. Ne7+ Kf8 24. Nxc6 bxc6 25. Nxd4 Nxc5 26. Nxc6 Rc8 27. Nxa7 Rc7 28. Nb5 Rb7 29. Nd6 Rb8 30. f3 Nd5 31. Rd2 Na4 32. Rc1 Rb4 33. Rc4 Rb6 34. Rxa4 Rxd6 35. Rad4 Rb6 36. R2d3 Rb5 37. a4 Ra5 38. b3 Ke7 39. Kb2 Kd6 40. Ka3 Ke5 41. Re4+ Kf5 42. b4 Ra8 43. Red4 Kg5 44.
Rxd5+ exd5 45. Rxd5+ Kf4 46. b5 Kg3 47. b6 Kxg2 48.
b7 Rb8 49. Rd7 Kxf3 50. Rxf7+ Kg4 51. Rxg7+ Kxh5 52. a5 Kh4 53. a6 h5 54. a7 1-0

[Event "*** Titled Tuesday Blitz"]
[Site "Chess.com"]
[Date "2020.11.10"]
[Round "7"]
[White "rugbyclub"]
[Black "AlexandraBotez"]
[Result "0-1"]
[WhiteElo "2195"]
[BlackElo "2107"]
[TimeControl "180+1"]
[EndTime "11:22:12 PST"]
[Termination "AlexandraBotez won by checkmate"]

1. d4 Nf6 2. Nf3 d5 3. Bf4 g6 4. Nc3 Bg7 5. Qd2 h5 6. O-O-O Ne4 7. Nxe4 dxe4 8. Ne5 Be6 9. d5 Bf5 10. e3 Nd7 11. Bb5 O-O 12. Nxd7 Bxd7 13. Bc4 b5 14.
Bb3 a5 15. a3 b4 16. a4 Qc8 17. h3 Rd8 18. Qe2 c5 19. dxc6 Qxc6 20. g4 Qf6 21. c3 bxc3 22. gxh5 cxb2+ 23. Kb1 Be6 24. Bxe6 Qxe6 25.
hxg6 fxg6 26. Rhg1 Qb3 27. Qc2 Qa3 28. Qc4+ Kh8 29.
Qa2 Qc3 30. h4 Rac8 31. Rxd8+ Rxd8 32. h5 Rc8 33. hxg6 Qc1+ 34. Rxc1 bxc1=Q# 0-1

[Event "*** Titled Tuesday Blitz"]
[Site "Chess.com"]
[Date "2020.11.10"]
[Round "7"]
[White "joppie2"]
[Black "TimofeevAr"]
[Result "1/2-1/2"]
[WhiteElo "2967"]
[BlackElo "2860"]
[TimeControl "180+1"]
[EndTime "11:22:13 PST"]
[Termination "Game drawn - insufficient material"]

1. Nf3 Nf6 2. d4 g6 3. c4 Bg7 4. Nc3 d5 5. cxd5 Nxd5 6. e4 Nb6 7. Be2 Bg4 8. Be3 O-O 9. O-O Nc6 10. e5 Nb4 11. h3 Bf5 12. Rc1 N4d5 13. Bg5 h6 14. Bd2 Be6 15. Ne4 Nd7 16. Bc4 c6 17. b4 Nc7 18. Bxe6 Nxe6 19. b5 Nb6 20. bxc6 bxc6 21.
Ba5 Qd5 22. Nc5 Nxc5 23. dxc5 Qxd1 24. Rfxd1 Nd5 25. Nd4 Rfc8 26. Nxc6 Rxc6 27. Rxd5 Rac8 28. Rd8+ Rxd8 29. Bxd8 Kf8 30. f4 g5 31. g3 Ke8 32. Ba5 Kd7 33. Bd2 f6 34. exf6 Bxf6 35. fxg5 hxg5 36. Kg2 Ra6 37. Rc2 Kc6 38. Kf3 Ra4 39.
Be3 Ra3 40. Ke4 e6 41. Bf2 Ra4+ 42. Kf3 Be7 43. Re2 Kd7 44. c6+ Kxc6 45. Rxe6+ Kd7 46. Re2 a6 47. Be3 Rc4 48. Rd2+ Ke6 49. Rd4 Rc3 50. Ke4 a5 51. Ra4 Bb4 52. g4 Kd7 53. Bxg5 Rxh3 54. Be3 Kc6 55. a3 Kb5 56. axb4 Kxa4 57. bxa5 Kxa5 58. g5 Rg3 59. Bf4 Rxg5 60. Bxg5 1/2-1/2

[Event "*** Titled Tuesday Blitz"]
[Site "Chess.com"]
[Date "2020.11.10"]
[Round "7"]
[White "Lenyas66"]
[Black "Harsha_Bharathakoti"]
[Result "0-1"]
[WhiteElo "2461"]
[BlackElo "2787"]
[TimeControl "180+1"]
[EndTime "11:22:13 PST"]
[Termination "Harsha_Bharathakoti won by resignation"]

1. d4 Nf6 2. Bg5 e6 3. e4 h6 4.
Bxf6 Qxf6 5. Nf3 d6 6. Bd3 Nd7 7.
Nbd2 g6 8. O-O Bg7 9. Re1 e5 10. c3 O-O 11. a4 Qe7 12. a5 a6 13. Qb3 Nf6 14. h3 Nh5 15. Bf1 Nf4 16. Kh2 Kh7 17. Qa3 Qf6 18. dxe5 dxe5 19. Qc5 Ne6 20. Qe3 h5 21. g3 Bh6 22. Qe2 Rd8 23. Nc4 Ng5 24. Nfxe5 h4 25. Bg2 Be6 26. Ng4 hxg3+ 27. fxg3 Bxg4 28.
Qxg4 Qe6 29. Qxe6 Nxe6 30. e5 Kg7 31. Bxb7 Ra7 32. Bg2 Bg5 33. Rad1 Rb8 34. b4 c5 35. Nb6 cxb4 36. cxb4 Be7 37. Re4 Rc7 38. Rd2 Rc3 39.
h4 Rb3 40. Bh3 Rxb4 41. Rxb4 Bxb4 42. Rd5 Bxa5 43. Bxe6 fxe6 44. Rd7+ Kg8 45. Nc4 Bc3 46. Rc7 a5 47. Rc6 a4 48. Rxe6 Ra8 49. Rxg6+ Kh7 50. Rf6 a3 51. Rf7+ Kg8 52. Rf1 a2 53. e6 a1=Q 54. Rxa1 Bxa1 0-1

[Event "*** Titled Tuesday Blitz"]
[Site "Chess.com"]
[Date "2020.11.10"]
[Round "7"]
[White "temus_galaktionov"]
[Black "RobPeresian"]
[Result "1-0"]
[WhiteElo "2624"]
[BlackElo "2456"]
[TimeControl "180+1"]
[EndTime "11:22:13 PST"]
[Termination "temus_galaktionov won by resignation"]

1. d4 d5 2. Nf3 Nf6 3. c4 c6 4. Qb3 Qb6 5. Nc3 dxc4 6. Qxc4 Be6 7. Qd3 g6 8. e4 Bg7 9. Be2 O-O 10. O-O Rd8 11. h3 a5 12. Rd1 Na6 13. Be3 Qc7 14. Qd2 b5 15. Rac1 Qb7 16. e5 Nd5 17. Bh6 f6 18. Bxg7 Kxg7 19. Ne4 h6 20. Nc5 Nxc5 21. Rxc5 f5 22. Rdc1 Rdc8 23. a3 Bd7 24. Ne1 e6 25. Bf3 a4 26. Nd3 Qa7 27. R1c2 Nb6 28. Nb4 Nc4 29.
Qc3 Be8 30. Be2 Nb6 31. Nxc6 Bxc6 32. Rxc6 Nd5 33. Qc5 Qxc5 34. R2xc5 Rxc6 35. Rxc6 b4 36. Rxe6 bxa3 37. bxa3 Nc3 38. Bf3 Rb8 39. Rc6 Nb1 40.
Ra6 Nc3 41. d5 Rb1+ 42. Kh2 Rb3 43. Ra7+ Kf8 44. d6 Rxa3 45. e6 Ne4 46. Ra8+ Kg7 47. d7 Rd3 48. e7 1-0

[Event "*** Titled Tuesday Blitz"]
[Site "Chess.com"]
[Date "2020.11.10"]
[Round "7"]
[White "FontVella8"]
[Black "ljuks68"]
[Result "0-1"]
[WhiteElo "2504"]
[BlackElo "2384"]
[TimeControl "180+1"]
[EndTime "11:22:13 PST"]
[Termination "ljuks68 won on time"]

1. e4 e6 2. d4 d5 3. Nc3 Bb4 4. e5 Ne7 5. a3 Bxc3+ 6. bxc3 c5 7. h4 Bd7 8. h5 h6 9. Nf3 c4 10. Rh4 Ba4 11. Rb1 Qc7 12. Rg4 Nf5 13. Rf4 Nc6 14. g4 Nfe7 15. Bh3 f6 16. exf6 gxf6 17. Rxf6 e5 18.
Qe2 e4 19. Nh4 Qh2 20. Qf1 Qc7 21. Bf4 Qa5 22. Bd2 Bxc2 23. Rxb7 Qxa3 24. Qg2 Qa1+ 25. Ke2 Nxd4+ 26. cxd4 Qxd4 27. Rxe7+ Kd8 28. Rd6+ Kc8 29.
Rc6+ Kd8 30. Qg3 Bd3+ 31. Kd1 Qa1+ 32. Bc1 Qa4+ 33. Ke1 Qxc6 34. Qe5 Re8 0-1

[Event "*** Titled Tuesday Blitz"]
[Site "Chess.com"]
[Date "2020.11.10"]
[Round "7"]
[White "vugarrasulov"]
[Black "Parhamov"]
[Result "0-1"]
[WhiteElo "2883"]
[BlackElo "2966"]
[TimeControl "180+1"]
[EndTime "11:22:14 PST"]
[Termination "Parhamov won by resignation"]

1. e4 c5 2. Nf3 Nc6 3. d4 cxd4 4.
Nxd4 e5 5. Nb5 d6 6. N1c3 a6 7. Na3 Be6 8. Nc4 Rb8 9. a4 Nf6 10. Bg5 Nb4 11. Be2 h6 12. Bxf6 Qxf6 13. O-O Qd8 14.
Nd5 Nxd5 15. exd5 Bf5 16. a5 Be7 17. Bd3 e4 18. Be2 O-O 19. c3 Bh7 20. Nb6 f5 21. Qa4 Rf7 22. Bh5 g6 23. Be2 g5 24. f3 exf3 25. Bxf3 Bf6 26. Bh5 Re7 27. Rae1 Be5 28. Nc4 f4 29. Qb4 Bd3 30. Be2 Bxe2 31. Rxe2 Bd4+ 32.
cxd4 Rxe2 33. Nxd6 Qe7 34. Qc4 Qe3+ 35. Kh1 Re1 36.
h3 f3 37. Rxe1 Qxe1+ 38. Kh2 f2 39. Nf5 f1=Q 0-1

[Event "*** Titled Tuesday Blitz"]
[Site "Chess.com"]
[Date "2020.11.10"]
[Round "7"]
[White "Makswolf200817"]
[Black "Love_craft"]
[Result "0-1"]
[WhiteElo "2442"]
[BlackElo "2592"]
[TimeControl "180+1"]
[EndTime "11:22:14 PST"]
[Termination "Love_craft won by resignation"]

1. d4 Nf6 2. c4 g6 3. Nf3 Bg7 4. g3 O-O 5. Bg2 d6 6. O-O Nbd7 7. Nc3 e5 8. e4 exd4 9. Nxd4 Re8 10. Re1 Nc5 11. h3 a5 12. Qc2 c6 13. Be3 Qc7 14. Rad1 Bd7 15. b3 Rad8 16. f4 h5 17. Bf2 Bc8 18.
Kh1 Ne6 19. Nxe6 Rxe6 20. Na4 Rde8 21. Bb6 Qb8 22. Bxa5 h4 23. g4 b5 24. Nb6 Qa7 25. b4 Bb7 26. c5 dxc5 27. Qxc5 Nxe4 28. Rxe4 Rxe4 29. Bxe4 Rxe4 30. Rd8+ Kh7 31. a3 Rxf4 32. Qg5 c5+ 33. Kg1 Bd4+ 34. Rxd4 Rxd4 35. Qxc5 Rd1+ 36. Kf2 Qb8 37. Ke2 Rd8 38. Qf2 Qe5+ 39. Kf1 Rd1+ 0-1

[Event "*** Titled Tuesday Blitz"]
[Site "Chess.com"]
[Date "2020.11.10"]
[Round "7"]
[White "VladaSviridova"]
[Black "TheKingDoctor"]
[Result "1-0"]
[WhiteElo "2243"]
[BlackElo "2119"]
[TimeControl "180+1"]
[EndTime "11:22:15 PST"]
[Termination "VladaSviridova won on time"]

1. d4 Nf6 2. c4 g6 3. Nc3 Bg7 4. e4 d6 5. Nf3 O-O 6. Be2 Qe8 7.
O-O e5 8. dxe5 dxe5 9. h3 c6 10. Be3 Na6 11. a3 Qe7 12. b4 Rd8 13. Qc2 Nc7 14.
Rad1 Rxd1 15. Rxd1 h6 16. Qd2 Be6 17. Bxh6 a5 18.
Bxg7 Kxg7 19. c5 axb4 20. axb4 Bb3 21. Rb1 Be6 22. Nxe5 Bxh3 23. Nf3 Nxe4 24. Qd4+ Nf6 25. gxh3 Ra3 26. Bc4 Ne6 27. Qe5 Qd7 28. Re1 Nf8 29. Kg2 Nh7 30. Rd1 Qc8 31. Rd6 Qa8 32. Ne4 Rxf3 33. Kxf3 Qa3+ 34. Kg2 Qxb4 35. Nxf6 Qxc4 36.
Ng4+ f6 37. Qe7+ Qf7 38. Rd7 1-0

[Event "*** Titled Tuesday Blitz"]
[Site "Chess.com"]
[Date "2020.11.10"]
[Round "7"]
[White "GMTalks_Youtube"]
[Black "keepitcoming"]
[Result "1-0"]
[WhiteElo "2634"]
[BlackElo "2501"]
[TimeControl "180+1"]
[EndTime "11:22:17 PST"]
[Termination "GMTalks_Youtube won on time"]

1. d4 d5 2. Bf4 Nf6 3. e3 Bf5 4.
c4 e6 5. Nc3 Bd6 6. Bg5 c6 7. Qb3 Qc7 8. c5 Be7 9. Bf4 Qc8 10. Nf3 Nh5 11. Bg5 Bxg5 12. Nxg5 O-O 13. Be2 Nf6 14. Rc1 Nbd7 15. f4 b6 16. cxb6 axb6 17. O-O c5 18. a3 c4 19. Qd1 h6 20.
Nf3 Ne4 21. Na2 b5 22. Nd2 Ndf6 23. Nb1 Qd8 24. Nb4 Qa5 25. Qe1 Rfc8 26. Bd1 Qb6 27. Bc2 Nd6 28. Bxf5 Nxf5 29. Kh1 Ne4 30. g4 Nfd6 31. f5 exf5 32. gxf5 Nf6 33. Qg3 Nde4 34.
Qg2 Qd6 35. Rg1 Qf8 36. Nxd5 Nxd5 37. Qxe4 Nf6 38. Qf3 Re8 39. Nc3 Rad8 40. Rc2 b4 41. axb4 Qxb4 42. Rcg2 1-0

[Event "*** Titled Tuesday Blitz"]
[Site "Chess.com"]
[Date "2020.11.10"]
[Round "7"]
[White "Paladin61"]
[Black "MariaFominykh"]
[Result "1-0"]
[WhiteElo "2537"]
[BlackElo "2350"]
[TimeControl "180+1"]
[EndTime "11:22:17 PST"]
[Termination "Paladin61 won by checkmate"]

1. b3 Nf6 2. Bb2 g6 3. Bxf6 exf6 4. c4 d5 5. cxd5 Qxd5 6. Nc3 Qd8 7. g3 Bg7 8. e3 O-O 9. Bg2 c5 10. Nge2 Nd7 11.
O-O Ne5 12. d4 cxd4 13. exd4 Nc6 14. Rc1 f5 15. d5 Ne5 16. Nb5 a6 17. Nc7 Rb8 18.
d6 b5 19. Qd2 Rb6 20. Rfd1 Bb7 21. Bxb7 Rxb7 22. Qd5 Rb6 23. d7 Kh8 24. Ne8 Qxd7 25. Qxd7 Nxd7 26. Nxg7 Nf6 27. Nxf5 gxf5 28. Rc5 Re8 29.
Nf4 Ne4 30. Rxf5 Nc3 31. Rd7 Kg7 32. Rfxf7+ Kg8 33. Rg7+ Kf8 34. Rdf7# 1-0

[Event "*** Titled Tuesday Blitz"]
[Site "Chess.com"]
[Date "2020.11.10"]
[Round "7"]
[White "SlavenPastar"]
[Black "MarceloPlaya"]
[Result "1-0"]
[WhiteElo "2523"]
[BlackElo "2292"]
[TimeControl "180+1"]
[EndTime "11:22:17 PST"]
[Termination "SlavenPastar won on time"]

1. b3 e6 2. Bb2 Nf6 3. e3 d5 4. Nf3 c5 5. Be2 Nc6 6. O-O Bd6 7. c4 O-O 8. Nc3 d4 9. Nb5 e5 10. Nxd6 Qxd6 11. exd4 cxd4 12. d3 Bf5 13. Re1 Rfe8 14. Bf1 Rad8 15. Bc1 e4 16. dxe4 Nxe4 17. Bd3 Nc3 18. Qd2 Bxd3 19. Qxd3 Nb4 20. Qd2 Rxe1+ 21.
Nxe1 Ne4 22. Qe2 Nc3 23. Qd2 Re8 24. Ba3 a5 25. Nf3 Qf6 26. Re1 Rxe1+ 27. Qxe1 h6 28. h3 d3 29. Qe3 Nc2 30. Qe8+ Kh7 31. Bc1 Ne2+ 32. Kh2 Nxc1 33. Qe4+ Qg6 34. Qxb7 Nb4 35. Qd7 1-0

[Event "*** Titled Tuesday Blitz"]
[Site "Chess.com"]
[Date "2020.11.10"]
[Round "7"]
[White "Zhuu96"]
[Black "GigaQuparadze"]
[Result "1-0"]
[WhiteElo "2900"]
[BlackElo "2745"]
[TimeControl "180+1"]
[EndTime "11:22:18 PST"]
[Termination "Zhuu96 won by resignation"]

1. e4 c5 2. Nf3 Nc6 3. Bb5 g6 4.
O-O Bg7 5. Re1 Qb6 6. Bxc6 Qxc6 7. Nc3 d6 8. d4 Bg4 9. d5 Qd7 10. h3 Bxf3 11. Qxf3 Nf6 12. e5 dxe5 13. Rxe5 O-O 14. Bg5 h6 15. Bh4 g5 16. Bg3 b5 17. Rae1 Rae8 18.
h4 g4 19. Qd3 c4 20. Qd1 Nh7 21. R5e4 f5 22. Re6 b4 23. Ne2 Nf6 24. Nf4 Ne4 25.
R1xe4 fxe4 26. Qxg4 Rf7 27. Nh5 e3 28. fxe3 Kf8 29. Qxc4 Rc8 30. Qe4 Qb5 31. Be5 Bxe5 32. Qxe5 Ke8 33. Nf6+ Kd8 34. Ng4 Rxc2 35. Qg3 Qxd5 36.
Rxh6 Rf8 37. Qb8+ Kd7 38. Ne5+ Qxe5 39. Qxe5 Rf6 40. Rxf6 exf6 1-0

[Event "*** Titled Tuesday Blitz"]
[Site "Chess.com"]
[Date "2020.11.10"]
[Round "7"]
[White "Chessdude1987"]
[Black "KacperPolOK"]
[Result "1-0"]
[WhiteElo "2292"]
[BlackElo "2428"]
[TimeControl "180+1"]
[EndTime "11:22:20 PST"]
[Termination "Chessdude1987 won by resignation"]

1. e4 c5 2. b3 e5 3. Bc4 d6 4.
Nf3 Nc6 5. O-O Be7 6. c3 Nf6 7. Re1 O-O 8. d4 Bg4 9. d5 Nb8 10. a4 h6 11. h3 Bxf3 12. Qxf3 Nh7 13. Nd2 Bg5 14. g3 Nd7 15. h4 Bxd2 16. Bxd2 Qf6 17. Qh5 Qg6 18. Qe2 f5 19. exf5 Rxf5 20. Bd3 Raf8 21. Bxf5 Qxf5 22. c4 Nhf6 23. f3 Qh3 24. Qg2 Qf5 25. Qe2 Qh3 26. Qg2 Qf5 27. Be3 e4 28.
Rf1 Re8 29. Bf4 Ne5 30. Bxe5 Qxe5 31. fxe4 Nxe4 32. Kh2 Nf6 33. Qf3 Qb2+ 34. Kh3 Re2 35. Rh1 Rf2 36. Rab1 Qc2 37. Rbc1 Qd2 38. Qd1 Qe3 39. Re1 Qf3 40. Qxf3 Rxf3 41. Kg2 Rd3 42. Rb1 Rd2+ 43. Kf3 g5 44. hxg5 hxg5 45. g4 Kf7 46. Re3 Rd4 47. Rg1 Rf4+ 48. Ke2 Ne4 49. Rf1 Rxf1 50. Kxf1 Nd2+ 51. Ke2 1-0

[Event "*** Titled Tuesday Blitz"]
[Site "Chess.com"]
[Date "2020.11.10"]
[Round "7"]
[White "wnstop"]
[Black "Stormeman100100"]
[Result "0-1"]
[WhiteElo "2704"]
[BlackElo "2563"]
[TimeControl "180+1"]
[EndTime "11:22:21 PST"]
[Termination "Stormeman100100 won by resignation"]

1. e4 c5 2. Nf3 d6 3. d4 cxd4 4. Nxd4 Nf6 5. Nc3 a6 6. Be3 e5 7. Nf3 Be7 8. Bc4 Qc7 9. Bb3 h6 10. O-O O-O 11. a4 Bg4 12. h3 Bh5 13. a5 Nbd7 14.
g4 Bg6 15. Nh4 Bxe4 16. Nxe4 Nxe4 17. Ng6 Bg5 18. Nxf8 Rxf8 19. Bxg5 Nxg5 20. h4 Nh3+ 21.
Kh2 Nf4 22. Qf3 Nc5 23. Bd5 Nce6 24. c3 Nc5 25. Rg1 Qe7 26. g5 hxg5 27. hxg5 g6 28. Qg4 Kg7 29. Kg3 Nxd5 30. Rh1 e4 31. Qh4 Qe5+ 32.
Kg2 Nf4+ 33. Kg1 Nh5 34. Rd1 Nd3 35. Qg4 Re8 36. Rh3 Nhf4 37. Rh2 Rh8 38. Rxh8 Kxh8 39. Qh4+ Kg7 40. Qg4 Qc5 41. Rd2 e3 0-1

[Event "*** Titled Tuesday Blitz"]
[Site "Chess.com"]
[Date "2020.11.10"]
[Round "7"]
[White "Hikaru"]
[Black "FormerProdigy"]
[Result "0-1"]
[WhiteElo "3187"]
[BlackElo "2889"]
[TimeControl "180+1"]
[EndTime "11:22:22 PST"]
[Termination "FormerProdigy won by resignation"]

1. Nf3 d5 2. e3 g6 3. c4 c6 4. Nc3 Nf6 5. d4 Bg7 6. h3 O-O 7. Be2 b6 8. O-O Bb7 9. b3 Nbd7 10. Bb2 c5 11. Rc1 Rc8 12. cxd5 Nxd5 13. Nxd5 Bxd5 14.
Ba6 Rc7 15. Ne5 cxd4 16. exd4 Rxc1 17. Qxc1 Nxe5 18. dxe5 Qa8 19. f3 Bb7 20. Bc4 Bd5 21. Bxd5 Qxd5 22. Rd1 Qe6 23. Qc7 Rc8 24. Qxa7 Bxe5 25.
Bxe5 Qxe5 26. Qxb6 Rc2 27. f4 Qe2 28. Qd8+ Kg7 29.
Qd5 Rxa2 30. Kh1 Rb2 31. Rd3 Qf1+ 32. Kh2 Qxf4+ 33. Rg3 h5 34. Qf3 Qxf3 35. Rxf3 h4 36. Re3 e6 37. Kg1 g5 38. Rc3 Kg6 39. Kf1 f5 40.
Rc6 Kf6 41. Rb6 g4 42. hxg4 fxg4 43. b4 Kf5 44. b5 Rb1+ 45. Kf2 g3+ 46. Kf3 Rb3+ 47.
Ke2 Rb2+ 48. Kf1 Rb1+ 49. Ke2 h3 0-1

[Event "*** Titled Tuesday Blitz"]
[Site "Chess.com"]
[Date "2020.11.10"]
[Round "7"]
[White "lolo9292"]
[Black "1977Ivan"]
[Result "1-0"]
[WhiteElo "2546"]
[BlackElo "2683"]
[TimeControl "180+1"]
[EndTime "11:22:23 PST"]
[Termination "lolo9292 won by resignation"]

1. Nf3 d5 2. c4 d4 3. e3 Nc6 4. exd4 Nxd4 5. Nxd4 Qxd4 6. Nc3 c6 7. Be2 Nh6 8. O-O g6 9. b4 Bg7 10. Bb2 Qh4 11. g3 Qh3 12. Re1 Ng4 13. Bxg4 Bxg4 14. f3 Be6 15. Qe2 Rd8 16. Rad1 O-O 17. d3 Bf5 18.
Ne4 Bxe4 19. dxe4 Bxb2 20. Qxb2 h5 21. Qe5 h4 22. c5 hxg3 23. hxg3 f6 24. Qc7 Rxd1 25.
Rxd1 e5 26. Rd7 Qxg3+ 27. Kf1 Qxf3+ 28. Ke1 Qxe4+ 29. Kf2 Qf4+ 30. Kg2 Qg4+ 31. Kf2 Qh4+ 32. Kg2 Qg5+ 33. Kf1 Qf4+ 34. Ke2 Qh2+ 35. Kd1 Qh5+ 36. Kc2 e4 37. Qxb7 e3 38. Qxc6 Qf5+ 39. Kb3 Re8 40. Rd5 Qe6 41. Qxe6+ Rxe6 42. Rd1 f5 43. b5 f4 44. c6 Re7 45. Rd7 Re8 46. c7 e2 47.
Re7 Rxe7 48. c8=Q+ Kf7 49. Qc4+ Kf6 50. Qxf4+ Kg7 51. Qd4+ Kf7 52. Qf2+ Kg7 53. Qe1 g5 54. a4 Kg6 55. Kc2 g4 56. a5 Kg5 57. b6 axb6 58.
axb6 Kf5 59. Kd3 Kf4 60. Qxe2 Rxe2 61. Kxe2 Kg3 62. b7 Kh2 63. b8=Q+ g3 64. Kf3 1-0

[Event "*** Titled Tuesday Blitz"]
[Site "Chess.com"]
[Date "2020.11.10"]
[Round "7"]
[White "geordie_derraugh"]
[Black "ShimanovAlex"]
[Result "0-1"]
[WhiteElo "2463"]
[BlackElo "2801"]
[TimeControl "180+1"]
[EndTime "11:22:23 PST"]
[Termination "ShimanovAlex won by resignation"]

1. e4 e5 2. Nf3 Nc6 3. d4 exd4 4. Bc4 d6 5. Nxd4 Nxd4 6. Qxd4 Be6 7. O-O Qd7 8. Nc3 Nf6 9. Bg5 Be7 10. Rad1 Bxc4 11.
Qxc4 Qc6 12. Qd3 O-O 13. Bxf6 Bxf6 14. Nd5 Bd8 15. c4 Re8 16. f4 Qc5+ 17. Kh1 a5 18. b3 c6 19. Nc3 Bc7 20. Rf3 Re7 21. Rh3 h6 22. Rg3 Kh8 23. Na4 Qh5 24. Qd4 f6 25.
Re1 d5 26. cxd5 cxd5 27. Rh3 Qf7 28. Nc5 Bxf4 29. Rf1 Be5 30. Qxd5 Qxd5 31. exd5 Rd8 32. Rd3 b6 33. Na4 Rd6 34. Rfd1 Red7 35. Kg1 Kg8 36. g3 Kf7 37. Kf2 f5 38. Kf3 Kf6 39. Ke3 h5 40. R3d2 g5 41. Rf1 Rxd5 42. Rxd5 Rxd5 43. Rc1 f4+ 44. Ke4 Rd4+ 45. Kf3 g4+ 46. Ke2 f3+ 47. Ke3 Rd6 48. Rc8 Bd4+ 49. Ke4 f2 50. Rf8+ Ke7 51. Rf4 Rf6 0-1

[Event "*** Titled Tuesday Blitz"]
[Site "Chess.com"]
[Date "2020.11.10"]
[Round "7"]
[White "ChronicUnhappiness"]
[Black "Oligan22"]
[Result "1-0"]
[WhiteElo "2339"]
[BlackElo "2419"]
[TimeControl "180+1"]
[EndTime "11:22:24 PST"]
[Termination "ChronicUnhappiness won on time"]

1. c4 e5 2. Nc3 d6 3. Nf3 f5 4.
g3 Nf6 5. d4 e4 6. Nh4 Be7 7. Bh3 g6 8. O-O O-O 9. f3 c6 10. Bh6 Re8 11. fxe4 Nxe4 12. Nf3 Bf6 13. Qd3 Na6 14. Rad1 Nb4 15. Qb1 a5 16. Nxe4 fxe4 17.
Bxc8 Rxc8 18. Ne1 Bg5 19. Bxg5 Qxg5 20. Ng2 h5 21. Rf4 d5 22. a3 Na6 23. Rdf1 Nc7 24. Rf7 Ne6 25. e3 Rf8 26. Rxf8+ Rxf8 27. c5 Rf3 28.
Qe1 h4 29. Rxf3 exf3 30. Nxh4 Qg4 31. Qf1 Ng5 32. b4 axb4 33. axb4 Nh3+ 34. Kh1 f2 35.
Kg2 Kg7 36. Nf3 Kh6 37. b5 1-0

[Event "*** Titled Tuesday Blitz"]
[Site "Chess.com"]
[Date "2020.11.10"]
[Round "7"]
[White "zmeeed67"]
[Black "politeplayer"]
[Result "0-1"]
[WhiteElo "2356"]
[BlackElo "2255"]
[TimeControl "180+1"]
[EndTime "11:22:25 PST"]
[Termination "politeplayer won on time"]

1. e4 e5 2. Nf3 Nf6 3. Qe2 Nc6 4. c3 Bc5 5. h3 d5 6. d3 h6 7. g3 b6 8. a4 Ba6 9. exd5 e4 10. c4 O-O 11. dxe4 Nxe4 12. dxc6 Bxf2+ 13. Qxf2 Nxf2 14. Kxf2 Qd6 15. Nc3 Bxc4 16. Bf4 Qxc6 17. Bg2 Rfe8 18. Rhe1 Qc5+ 19. Be3 Qb4 20. Nd2 Qxb2 21. Bxa8 Qxc3 22. Rac1 Qf6+ 23. Bf3 Bd5 24. Bf4 Qd4+ 25. Kg2 Rxe1 26. Rxe1 Bxf3+ 27. Nxf3 Qxa4 28. h4 Qc2+ 29. Kg1 a5 30.
Ne5 a4 31. h5 a3 32. Nf3 a2 33. Be5 f6 34. Ba1 Qb1 35. Kf1 c5 36. Nd2 Qd3+ 37.
Re2 Qxg3 0-1

[Event "*** Titled Tuesday Blitz"]
[Site "Chess.com"]
[Date "2020.11.10"]
[Round "7"]
[White "VladimirPotkin"]
[Black "kuban1991"]
[Result "0-1"]
[WhiteElo "2693"]
[BlackElo "2889"]
[TimeControl "180+1"]
[EndTime "11:22:26 PST"]
[Termination "kuban1991 won on time"]

1. Nf3 g6 2. e4 Bg7 3. d4 c6 4.
Nc3 d5 5. h3 Nf6 6. e5 Ne4 7.
Nxe4 dxe4 8. Ng5 c5 9. e6 f6 10. Nf7 Qxd4 11. Nxh8 Bxe6 12. Nxg6 hxg6 13. c3 Qxd1+ 14.
Kxd1 Nc6 15. Be3 b6 16. Bb5 O-O-O+ 17. Ke2 Ne5 18. Rhd1 Nd3 19. f3 f5 20. fxe4 fxe4 21. Rd2 Kb7 22. Rf1 a6 23. Bxd3 exd3+ 24. Ke1 Bxa2 25.
Rf4 Kc6 26. Rdf2 b5 27. Rg4 Rd6 28. Kd2 a5 29. Bf4 e5 30. Be3 b4 31. h4 a4 32.
cxb4 cxb4 33. Rxb4 Bb3 34. Rb6+ Kd7 35. Rxd6+ Kxd6 36. Kxd3 Ke6 37. Bg5 Kd5 38. Rf7 e4+ 39. Kd2 Bxb2 40.
Bf6 a3 0-1

[Event "*** Titled Tuesday Blitz"]
[Site "Chess.com"]
[Date "2020.11.10"]
[Round "7"]
[White "Sofiia_Hryzlova"]
[Black "Alomaterapia"]
[Result "1-0"]
[WhiteElo "2303"]
[BlackElo "2443"]
[TimeControl "180+1"]
[EndTime "11:22:27 PST"]
[Termination "Sofiia_Hryzlova won on time"]

1. c4 e5 2. Nc3 Nc6 3. Nf3 Nf6 4. e4 Bb4 5. d3 d6 6. a3 Ba5 7. b4 Bb6 8. Na4 O-O 9. g3 Bg4 10. Bg2 Bd4 11. Rb1 a6 12. h3 Bxf3 13. Qxf3 b5 14. Nb2 Nd7 15. O-O Qf6 16. Qe2 Qg6 17. Be3 Bxe3 18.
Qxe3 Nd4 19. Nd1 a5 20. Nc3 axb4 21. axb4 bxc4 22. dxc4 Nb6 23. c5 Nc8 24. Qd2 dxc5 25. bxc5 Ne7 26. Nd5 Nxd5 27. exd5 Rad8 28. Qe3 f6 29.
Rb7 Rd7 30. c6 Rdf7 31. d6 Nf5 32. Qa7 Nxd6 33. Rxc7 Nb5 34. Rxf7 Nxa7 35. Rxa7 Qd3 36. c7 Qc3 37. Rfa1 h5 38. Bd5+ Kh7 39. Be6 e4 40.
Bf5+ Kh6 41. h4 Qc4 42. Ra8 Rxa8 43. Rxa8 Qc1+ 44. Kh2 g6 45. c8=Q 1-0

[Event "*** Titled Tuesday Blitz"]
[Site "Chess.com"]
[Date "2020.11.10"]
[Round "7"]
[White "Zkid"]
[Black "Oleksandr_Bortnyk"]
[Result "1-0"]
[WhiteElo "2786"]
[BlackElo "2901"]
[TimeControl "180+1"]
[EndTime "11:22:28 PST"]
[Termination "Zkid won on time"]

1. e4 c5 2. Nf3 d6 3. d4 cxd4 4. Nxd4 Nf6 5. f3 g6 6. c4 Bg7 7. Nc3 Nc6 8. Be3 O-O 9. Qd2 Nxd4 10. Bxd4 Be6 11. Be2 Rc8 12. b3 a6 13. O-O Nd7 14.
Rac1 Bxd4+ 15. Qxd4 Qb6 16. Qxb6 Nxb6 17. Nd5 Bxd5 18.
exd5 a5 19. Rfe1 Rc7 20. f4 Nd7 21. a3 Ra8 22. Rc3 b5 23. Re3 Nb6 24. cxb5 Kf8 25. a4 Raa7 26. Bf3 Rc2 27. h4 Rac7 28. b4 axb4 29. a5 Nc4 30. b6 Rd7 31. Rxe7 Rxe7 32.
Rxe7 b3 33. b7 Kxe7 34. b8=Q b2 35. Be4 Rc1+ 36. Kf2 Kf6 37. Qh8+ Ke7 38. a6 Ra1 39.
Qb8 Ra2 40. Bb1 Ra1 41. a7 Rxb1 42. a8=Q Kf6 43. Qh8+ Kf5 44. Qac8+ Ke4 45. Qxc4+ Kf5 46. Qd3+ 1-0

[Event "*** Titled Tuesday Blitz"]
[Site "Chess.com"]
[Date "2020.11.10"]
[Round "7"]
[White "andrzej"]
[Black "mbojan"]
[Result "0-1"]
[WhiteElo "2385"]
[BlackElo "2668"]
[TimeControl "180+1"]
[EndTime "11:22:28 PST"]
[Termination "mbojan won on time"]

1. e4 g6 2. d4 Bg7 3. Nc3 d6 4. Be3 a6 5. a4 Nf6 6. h3 Nc6 7. Nge2 e5 8. g4 O-O 9. Bg2 h5 10. g5 Nd7 11. f4 exd4 12. Nxd4 Re8 13. O-O Nb6 14. Nxc6 bxc6 15. Bxb6 cxb6 16. Qd3 Ra7 17.
Rad1 Rd7 18. Kh1 b5 19. axb5 axb5 20. b4 Qe7 21. Nb1 Ra7 22. Nd2 c5 23. Nf3 Be6 24. Qxd6 Qxd6 25. Rxd6 cxb4 26. e5 Bf8 27. Rb6 Rc8 28.
Rb1 Rxc2 29. Rb8 Rc8 30. Rxc8 Bxc8 31. Nd4 Bd7 32. Bd5 Ra6 33. h4 Kg7 34. f5 gxf5 35.
Rf1 Bc5 36. Nxf5+ Bxf5 37. Rxf5 Ra7 38. e6 fxe6 39. Bxe6 Bd6 40. Rf6 Be5 41. Rf5 Bg3 42. Rxb5 Re7 0-1